AoeStats
← BsqfslY

Arena

509087059Analyzed
4v4 RM · 8d ago on Sep 25, 2026· 63m 18s· 8 players
Game mode
Random Map
Map size
Large (8 player)
Population
200
Speed
Normal
Resources
Standard
Victory
Conquest
Starting age
Dark Age
Ending age
Imperial Age
RankedLock teamsTeams togetherTeam positionsShared explorationLock speedFull tech treeHidden civsTurbo modeCheats
Victory
Defeat
🇨🇳 Danes · China
1539
+14
🇨🇳 Jurchens · China
1530
+14
🇨🇳 Varangians · China
1414
+19
🇨🇳 Chinese · China
1326
+21
🇨🇭 Cumans · Switzerland
1528
-19
🇪🇸 Wu · Spain
1471
-17
🇨🇳 Burgundians · China
1457
-16
🇨🇳 Spanish · China
1451
-16
Ren
10:55 Feudal Age
14:33 Castle Age
12:36 Double-Bit Axe
13:15 Horse Collar
15:54 Bow Saw
18:21 Loom
21:53 Gold Mining
23:27 Padded Archer Armor
24:17 Town Watch
25:28 Leather Archer Armor
28:12 Wheelbarrow
28:36 Husbandry
32:12 Heavy Plow
37:51 Imperial Age
35:48 Fletching
35:51 Stone Mining
37:14 Hand Cart
37:51 Forging
38:35 Capped Ram
38:43 Elite Conquistador
39:45 Conscription
40:15 Ring Archer Armor
40:08 Ballistics
40:09 Bodkin Arrow
41:54 Supremacy
42:59 Chemistry
42:33 Fortified Wall
42:26 Bracer
43:04 Scale Barding Armor
45:12 Two-Man Saw
44:58 Thumb Ring
45:41 Iron Casting
46:05 Chain Barding Armor
45:56 Bloodlines
46:01 Murder Holes
47:40 Blast Furnace
46:02 Light Cavalry
48:36 Plate Barding Armor
47:45 Hussar
48:34 Herbal Medicine
50:17 Stone Shaft Mining
50:24 Masonry
50:37 Fervor
50:48 Sanctity
53:08 Bombard Tower
53:19 Architecture
54:55 Inquisition
55:45 Arrowslits
55:53 Guard Tower
56:12 Siege Ram
59:41 Keep
61:11 Hoardings
61:05 Guilds
61:40 Caravan
ChickenHunter
8:47 Feudal Age
9:37 Double-Bit Axe
9:33 Horse Collar
15:43 Wheelbarrow
20:18 Castle Age
18:05 Loom
18:43 Gold Mining
19:56 Scale Barding Armor
20:01 Forging
20:03 Bloodlines
21:05 Heavy Plow
21:20 Bow Saw
21:34 Chain Barding Armor
25:56 Iron Casting
26:53 Hand Cart
31:00 Light Cavalry
36:54 Imperial Age
35:24 Gold Shaft Mining
34:41 Stone Mining
36:05 Town Watch
37:00 Elite Steppe Lancer
37:58 Guilds
38:42 Town Patrol
39:21 Plate Barding Armor
38:17 Cavalier
40:31 Blast Furnace
39:43 Paladin
42:54 Pikeman
42:59 Man-at-Arms
43:41 Squires
43:26 Arson
43:42 Scale Mail Armor
44:14 Conscription
43:56 Steppe Husbandry
43:45 Long Swordsman
43:54 Pikeman
44:53 Chain Mail Armor
44:31 Two-Handed Swordsman
44:36 Halberdier
45:22 Champion
46:33 Plate Mail Armor
48:22 Hussar
48:54 Fletching
52:23 Caravan
62:56 Bodkin Arrow
浮白
3:12 Double-Bit Axe
6:36 Horse Collar
10:39 Feudal Age
14:26 Castle Age
14:42 Bow Saw
26:50 Heavy Plow
33:37 Imperial Age
31:44 Wheelbarrow
32:00 Scale Barding Armor
32:06 Forging
31:58 Husbandry
33:21 Hand Cart
33:38 Town Watch
33:52 Gold Mining
35:14 Conscription
35:17 Chain Barding Armor
36:54 Chemistry
36:36 Gold Shaft Mining
35:37 Elite Coustillier
37:12 Padded Archer Armor
37:47 Plate Barding Armor
37:48 Iron Casting
37:53 Burgundian Vineyards
39:27 Burgundian Vineyards
41:40 Blast Furnace
40:56 Leather Archer Armor
40:50 Light Cavalry
43:29 Light Cavalry
44:12 Herbal Medicine
45:16 Hussar
48:19 Hussar
53:33 Caravan
55:22 Two-Man Saw
59:41 Squires
59:27 Arson
59:58 Scale Mail Armor
Garabatov
10:52 Feudal Age
11:22 Loom
14:52 Castle Age
13:38 Horse Collar
13:49 Double-Bit Axe
小白妈妈
8:27 Feudal Age
8:59 Double-Bit Axe
12:42 Horse Collar
14:50 Wheelbarrow
18:00 Castle Age
16:52 Bloodlines
18:00 Fletching
18:30 Gold Mining
18:53 Bow Saw
19:16 Bodkin Arrow
22:09 Ballistics
22:06 Loom
24:48 Husbandry
25:57 Town Watch
29:11 Masonry
47:23 Hand Cart
49:38 Gold Shaft Mining
49:37 Heavy Plow
52:17 Imperial Age
52:00 Treadmill Crane
52:37 Forging
52:32 Scale Barding Armor
52:43 Light Cavalry
54:52 Iron Casting
54:37 Chain Barding Armor
54:33 Guilds
54:12 Elite Steppe Lancer
55:53 Plate Barding Armor
54:47 Hussar
56:35 Blast Furnace
57:11 Caravan
BsqfslY
10:16 Feudal Age
11:06 Double-Bit Axe
14:09 Castle Age
12:24 Horse Collar
18:58 Loom
21:21 Bow Saw
23:59 Gold Mining
26:02 Wheelbarrow
27:20 Stone Mining
30:20 Imperial Age
27:48 Town Watch
28:25 Scale Mail Armor
29:36 Hand Cart
29:58 Gold Shaft Mining
30:03 Forging
29:43 Pikeman
30:24 Squires
31:09 Chain Mail Armor
31:29 Iron Casting
30:43 Halberdier
32:25 Plate Mail Armor
32:26 Town Patrol
32:32 Northmen's Fury
33:33 Conscription
34:20 Chemistry
33:42 Ballistics
33:48 Onager
35:31 Masonry
37:00 Blast Furnace
35:32 Hamask
35:55 Capped Ram
38:19 Siege Onager
39:15 Siege Ram
42:47 Murder Holes
44:27 Coinage
43:58 Caravan
43:53 Arson
43:38 Heavy Scorpion
45:19 Siege Engineers
46:04 Coinage
47:46 Banking
50:26 Gambesons
53:44 Elite Varangian Guard
55:19 Heavy Plow
Mr.Robin
10:29 Feudal Age
12:42 Loom
15:59 Castle Age
14:31 Double-Bit Axe
15:01 Fletching
15:44 Horse Collar
16:49 Bodkin Arrow
18:22 Crossbowman
22:05 Bow Saw
24:13 Heavy Plow
25:50 Wheelbarrow
26:02 Gold Mining
27:40 Stone Mining
30:51 Imperial Age
28:07 Town Watch
29:40 Bloodlines
29:30 Husbandry
29:38 Scale Barding Armor
29:43 Forging
31:03 Forging
31:37 Stone Shaft Mining
32:05 Chain Barding Armor
32:21 Iron Casting
32:22 Conscription
33:34 Iron Casting
36:44 Blast Furnace
37:00 Plate Barding Armor
38:36 Chemistry
38:23 Elite Jarl
45:13 Murder Holes
45:39 Ballistics
45:24 Siege Engineers
46:30 Hand Cart
46:18 Gothikon
55:40 Squires
58:50 Caravan
61:42 Gothikon
名奈奈奈
10:51 Feudal Age
15:04 Castle Age
13:26 Double-Bit Axe
13:30 Horse Collar
16:13 Heavy Plow
22:03 Wheelbarrow
28:31 Imperial Age
26:37 Scale Mail Armor
26:47 Forging
27:00 Bow Saw
26:56 Squires
26:44 Arson
27:51 Gold Mining
28:47 Chain Mail Armor
29:37 Gold Shaft Mining
28:56 Heavy Scorpion
29:43 Elite Fire Lancer
31:14 Heavy Rocket Cart
33:11 Plate Mail Armor
33:54 Two-Man Saw
34:07 Capped Ram
36:03 Rocketry
36:05 Conscription
36:28 Hand Cart
37:47 Gold Shaft Mining
38:54 Ballistics
39:35 Chemistry
39:48 Iron Casting
39:19 Pikeman
40:22 Fortified Wall
39:58 Halberdier
41:41 Blast Furnace
41:00 Great Wall
41:43 Bombard Tower
41:34 Masonry
41:55 Murder Holes
41:48 Siege Ram
46:23 Light Cavalry
47:13 Bloodlines
47:04 Husbandry
48:02 Scale Barding Armor
48:24 Cavalier
54:10 Caravan
54:30 Fletching
54:41 Padded Archer Armor
55:27 Stone Mining
56:11 Bodkin Arrow
58:07 Architecture
57:47 Loom
58:49 Bracer
60:59 Leather Archer Armor
61:56 Elite Chu Ko Nu
63:50 Ring Archer Armor
Connection lost

Rejoining the realm…

Still unreachable

The connection could not be restored.

Session expired

The server has moved on; the page needs a fresh start.